 Dungeon Crawl Stone Soup version bcrawl-1.35.4c (webtiles) character file.

Game seed: 7959188181612491637

142551 DogServant the Vexing (level 3, 8/21 HPs)
             Began as an Avariel Arcane Marksman on Feb 19, 2022.
             Quit the game on level 2 of the Dungeon on Feb 20, 2022.
             The game lasted 00:03:46 (941 turns).

DogServant the Vexing (Avariel Arcane Marksman)      Turns: 941, Time: 00:03:46

Health: 8/21       AC:  3    Str:  8    XL:     3   Next: 70%
Magic:  9/9        EV: 12    Int: 18    God:
Gold:   101        SH:  0    Dex: 14    Spells: 7/8 levels left

rFire    . . .     SeeInvis .   a - +1 shortbow
rCold    . . .     Gourm    .   (shield currently unavailable)
rNeg     . . .     Faith    .   h - +0 leather armour
rPois    .         Spirit   .   (no helmet)
rElec    .         Reflect  .   (no cloak)
rCorr    .                      (no gloves)
MR       .....                  (no boots)
Stlth    +.........             (no amulet)
HPRegen  0.07/turn              (no ring)
MPRegen  0.11/turn              (no ring)

@: no status effects
A: no striking features
a: no special abilities


You were on level 2 of the Dungeon.
You were not hungry.

You visited 1 branch of the dungeon, and saw 2 of its levels.

You collected 101 gold pieces.

Inventory:

Hand Weapons
 a - a +1 shortbow (weapon)
 b - a +0 dagger
Missiles
 f - 793 arrows (quivered)
Armour
 c - a +0 robe
 h - a +0 leather armour (worn)
 m - a +0 pair of gloves
Scrolls
 d - 3 scrolls of teleportation {unknown}
 i - 3 scrolls of identify
 j - 2 scrolls of remove curse {unknown}
 l - a scroll of enchant weapon {unknown}
Potions
 k - 2 potions of degeneration {unknown}
Comestibles
 e - 3 rations {!d}


   Skills:
 + Level 2.1 Fighting
 + Level 2.9 Bows
 + Level 0.8 Armour
 + Level 2.6 Dodging
 + Level 3.1 Spellcasting
 + Level 4.2 Hexes


You had 7 spell levels left.
You knew the following spells:

 Your Spells              Type           Power        Failure   Level  Hunger
a - Corona                Hex            ###....      4%          1    None

Your spell library contained the following spells:

 Spells                   Type           Power        Failure   Level  Hunger
 Shackle                  Hex            ###.....     6%          2    #......
 False Image              Hex/Summ       ##......     28%         3    ####...
 Inner Flame              Hex/Fire       N/A          28%         3    ####...
 Cause Fear               Hex            ###.......   36%         4    #####..
 Yara's Violent Unravell  Hex/Tmut       ##........   67%         4    #####..


Dungeon Overview and Level Annotations

Branches:
Dungeon (2/12)

Altars:


Message History

Press: ? - help, Shift-Dir - straight line, f/p - kobold
Aim: a kobold, wielding a +0 falchion (moderately wounded)
You shoot an arrow. The arrow hits the kobold.
You kill the kobold!
Firing (i - inventory)
f - 794 arrows (quivered)
Press: ? - help, Shift-Dir - straight line, f - you Really target yourself?
Okay, then.
Eating a chunk of flesh.
You eat the chunk of flesh.
This raw flesh tastes terrible.
A quokka comes into view.
A quokka is nearby!
Firing (i - inventory)
f - 794 arrows (quivered)
Press: ? - help, Shift-Dir - straight line, f - quokka
Aim: a quokka (hasn't noticed you)
You shoot an arrow. The arrow hits the quokka.
The quokka is severely wounded.
Welcome back, DogServant the Avariel Arcane Marksman.
Press m to set your skill training.
Press ? for a list of commands and other information.
Are you sure you want to abandon this character and quit the game? (Confirm with "yes".)

#### ..# #.#
#.#########
########..>......#
#............###.#
#..@.......รท.....##
#.?#####.###......#
#.. #..........# #.)
#.###......# #r.
#.#...#...## ..#
#.#.####..# ...
#.>...<...# .##
###.####..# ...#


You could see a quokka.

Vanquished Creatures
  2 gnolls (D:2)
  A dart slug (D:1)
  2 leopard geckos (D:1)
  3 goblins (D:1)
  5 hobgoblins (D:1)
  5 kobolds
  A quokka (D:2)
  2 bats (D:1)
  A frilled lizard (D:1)
  A rat (D:1)
23 creatures vanquished.

Notes
Turn   | Place    | Note
-------+----------+-------------------------------------------
     0 | D:1      | DogServant the Avariel Arcane Marksman began the quest for
                  | the Orb.
     0 | D:1      | Reached XP level 1. HP: 12/12 MP: 6/6
    70 | D:1      | Reached XP level 2. HP: 13/17 MP: 7/7
   119 | D:1      | Reached skill level 4 in Hexes
   499 | D:1      | Reached XP level 3. HP: 21/21 MP: 9/9
   941 | D:2      | Quit the game

Skill      XL: |  1  2 |
---------------+-------+-----
Hexes          | 4 |  4.2
Spellcasting   | 3 |  3.1
Fighting       | 2 |  2.1
Bows           | |  2.9
Armour         | |  0.8
Dodging        | |  2.6

Action                   || total
-------------------------++-------
 Fire: Shortbow          ||    60
 Cast: Corona            ||     1
  Eat: Chunk             ||     2
Armor: Robe              ||     1
       Leather armour    ||     3
Dodge: Dodged            ||     7
